 Dungeon Crawl Stone Soup version 0.29.1-12-g30fa7ad0bf (webtiles) character file.

Game seed: 8907381087177220832

10250 KittyFluff the Protected (level 11, -2/68 HPs)
             Began as a Gargoyle Fighter on Dec 30, 2022.
             Was a Believer of Trog.
             Slain by a two-headed ogre
             ... wielding a +0 giant club
              (28 damage)
             ... on level 10 of the Dungeon.
             The game lasted 01:03:12 (13472 turns).

KittyFluff the Protected (Gargoyle Fighter)        Turns: 13472, Time: 01:03:12

Health: -2/68      AC: 22    Str: 25    XL:     11   Next: 59%
Magic:  11/11      EV: 12    Int:  8    God:    Trog [**....]
Gold:   329        SH:  6    Dex: 13    Spells: 10/10 levels left

rFire   . . .      SeeInvis .   i - +5 hammer "Zyco" {vorpal, rN++ Str+4}
rCold   + . .      Faith    .   c - +0 buckler
rNeg    + + +      Spirit   .   Q - +0 acid dragon scales
rPois   ∞          Reflect  .   o - +0 hat
rElec   +          Harm     .   z - +1 cloak {Stlth+}
rCorr   +          Rampage  .   H - +0 pair of gloves
Will    .....                   G - +0 pair of boots
Stlth   +++.......              m - amulet of the acrobat
HPRegen 0.21/turn               I - ring of protection from cold
MPRegen 0.12/turn               (no ring)

@: no status effects
A: sickness immunity, AC +8, negative energy resistance 1, electricity
resistance, torment resistance 1, petrification resistance
a: Renounce Religion, Berserk, Trog's Hand


You were on level 10 of the Dungeon.
You worshipped Trog.
Trog was pleased with you.
You visited 2 branches of the dungeon, and saw 11 of its levels.

You collected 463 gold pieces.
You spent 134 gold pieces at shops.

Inventory:

Hand Weapons
 i - the +5 hammer "Zyco" (weapon) {vorpal, rN++ Str+4}
   (You found it on level 3 of the Dungeon)

   It inflicts extra damage upon your enemies.
   Str:       It affects your strength (+4).
   rN:        It greatly protects you from negative energy.
 t - a +0 sling
 C - the +7 whip "Jahual" {venom, rF+ MP+9 Dex+2}
   (You found it on level 4 of the Dungeon)

   It poisons the flesh of those it strikes.
   Dex:       It affects your dexterity (+2).
   rF:        It protects you from fire.
   MP:        It affects your magic capacity (+9).
 U - a +0 arbalest
Missiles
 g - 56 stones (quivered)
 w - 2 silver javelins
 D - 4 boomerangs
 E - 5 poisoned darts
 S - 9 atropa-tipped darts
 V - a curare-tipped dart
Armour
 c - a +0 buckler (worn)
 o - a +0 hat (worn)
 z - a +1 cloak of stealth (worn)
 G - a +0 pair of boots (worn)
 H - a +0 pair of gloves (worn)
 Q - +0 acid dragon scales (worn)
 R - a +2 leather armour of fire resistance
 X - +0 steam dragon scales
Jewellery
 m - an amulet of the acrobat (around neck)
 x - a ring of ice
 I - a ring of protection from cold (left hand)
Wands
 B - a wand of flame (20)
Scrolls
 f - 6 scrolls of teleportation {unknown}
 k - 2 scrolls of immolation
 p - a scroll of silence {unknown}
 q - 2 scrolls of amnesia {unknown}
 r - 3 scrolls of fog {unknown}
 s - 2 scrolls of enchant weapon {unknown}
 u - 2 scrolls of vulnerability {unknown}
 v - 4 scrolls of poison
 y - 2 scrolls of magic mapping
 M - a scroll of enchant armour
 P - 3 scrolls of fear {unknown}
Potions
 d - 2 potions of curing
 h - a potion of invisibility
 l - 3 potions of magic
 n - 3 potions of attraction
 A - 4 potions of mutation
 F - a potion of lignification
 J - a potion of might
 K - a potion of heal wounds
 L - 2 potions of berserk rage {unknown}
 N - 2 potions of flight {unknown}
Miscellaneous
 O - a tin of tremorstones (2/2)
 W - a lightning rod (4/4)


   Skills:
 + Level 7.7 Fighting
 + Level 11.0 Maces & Flails
 + Level 1.3 Throwing
 * Level 11.2 Armour
 + Level 3.7 Dodging
 + Level 3.1 Stealth
 * Level 7.4 Shields


You had 10 spell levels left.
You didn't know any spells.
Your spell library was empty.

Dungeon Overview and Level Annotations

Branches:
Dungeon (10/15)            Temple (1/1) D:7            Lair (0/5) D:9
    Orc: D:9-12

Altars:
Ashenzari
Cheibriados
Dithmenos
Elyvilon
Fedhas
Gozag
Hepliaklqana
Kikubaaqudgha
Makhleb
Nemelex Xobeh
Okawaru
Qazlal
Ru
Sif Muna
Trog
Uskayaw
Vehumet
Wu Jian
Xom
Yredelemnul
Zin
The Shining One

Shops:
D:1 *?(   D:8 [   D:10 :


Innate Abilities, Weirdness & Mutations

You are immune to sickness and miasma.
Your stone body is resilient. (AC +8)
You are immune to poison.
You resist negative energy. (rN+)
You are resistant to electric shocks. (rElec)
You are resistant to unholy torment.
You are immune to petrification.


Message History

Press: ? - help, Q - select action, (/) - cycle Shift-Dir - straight line, f/p - two-headed ogre
Aim: a two-headed ogre, wielding two +0 giant clubs (lightly wounded, 75% to hit)
You throw a stone.
The stone hits the two-headed ogre but does no damage.
The two-headed ogre is lightly wounded.
Throw: 58 stones
Press: ? - help, Q - select action, (/) - cycle Shift-Dir - straight line, f/p - two-headed ogre
Aim: a two-headed ogre, wielding two +0 giant clubs (lightly wounded, 75% to hit)
You throw a stone.
The stone hits the two-headed ogre but does no damage.
The two-headed ogre is lightly wounded.
Throw: 57 stones
Press: ? - help, Q - select action, (/) - cycle Shift-Dir - straight line, f/p - two-headed ogre
Aim: a two-headed ogre, wielding two +0 giant clubs (lightly wounded, 75% to hit)
You throw a stone.
The stone hits the two-headed ogre but does no damage.
The two-headed ogre is lightly wounded.
The two-headed ogre barely misses you.
The two-headed ogre completely misses you.
You barely miss the two-headed ogre.
The two-headed ogre is lightly wounded.
You hit the two-headed ogre.
The two-headed ogre is lightly wounded.
The two-headed ogre hits you with a +0 giant club.
The two-headed ogre hits you with a +0 giant club!!
You hit the two-headed ogre but do no damage.
The two-headed ogre is lightly wounded.
The two-headed ogre hits you with a +0 giant club.
The two-headed ogre hits you with a +0 giant club!
You sock the two-headed ogre!
The two-headed ogre is moderately wounded.
You sock the two-headed ogre!
The two-headed ogre is severely wounded.
The two-headed ogre closely misses you. You block the two-headed ogre's attack.
You barely miss the two-headed ogre.
The two-headed ogre is severely wounded.
You thump the two-headed ogre!
The two-headed ogre is almost dead.
The two-headed ogre hits you with a +0 giant club!!
You die...

#.##.#.....#.#....#
#....#######......#
####+# #......#
#......# +.#....#
#....#.# ####..!#
#...# +@#.# #O.>#
#...# #.#.# #...#
....# ... # ..#.


You could see a two-headed ogre.

Vanquished Creatures
  A two-headed ogre (D:9)
  Maurice (D:8)
  A cyclops (D:7)
  Grinder (D:3)
  A troll (D:9)
  Prince Ribbit (D:7)
  Sigmund (D:3)
  20 yaks
  2 vampires
  3 wraiths (D:10)
  Eustachio (D:6)
  2 wyverns
  A steam dragon (D:9)
  3 vampire mosquitoes (D:10)
  Menkaure (D:7)
  A water moccasin (D:7)
  2 acid dragons
  An ice beast (D:5)
  6 orc warriors
  A phantom (D:5)
  3 centaurs
  A kobold brigand (D:9)
  2 bullfrogs
  4 scorpions
  A necrophage (D:8)
  5 wights
  9 killer bees
  2 howler monkeys
  5 jellies
  9 orc priests
  A hound (D:7)
  Crazy Yiuf (D:3)
  2 iguanas (D:6)
  7 orc wizards
  5 gnolls
  9 adders
  A shadow imp (D:6)
  2 white imps
  2 ufetubi (D:5)
  2 worms
  2 dart slugs
  39 orcs
  11 endoplasms
  7 goblins
  5 hobgoblins
  6 kobolds
  6 quokkas
  7 ball pythons
  4 bats
  5 frilled lizards
  2 rats
218 creatures vanquished.

Vanquished Creatures (others)
  A plant (D:5)
1 creature vanquished.

Grand Total: 219 creatures vanquished

Notes
Turn   | Place    | Note
-------+----------+-------------------------------------------
     0 | D:1      | KittyFluff the Gargoyle Fighter began the quest for the
                  | Orb.
     0 | D:1      | Reached XP level 1. HP: 14/14 MP: 1/1
    97 | D:1      | Found Uwior's Antique Weapon Emporium.
   290 | D:1      | Found Ticuptishrux's General Store.
   294 | D:1      | Reached XP level 2. HP: 19/19 MP: 2/2
   299 | D:1      | Bought a potion of degeneration for 14 gold pieces
   391 | D:1      | Found Leotel's Magic Scroll Emporium.
  1095 | D:1      | Bought a scroll of identify for 20 gold pieces
  1095 | D:1      | Bought a scroll of identify for 20 gold pieces
  1146 | D:2      | Reached XP level 3. HP: 20/23 MP: 3/3
  1193 | D:2      | You fall into a shaft and drop 2 floors!
  1587 | D:2      | Found a faded altar of an unknown god.
  1742 | D:1      | Bought a scroll of poison for 40 gold pieces
  1742 | D:1      | Bought a scroll of immolation for 40 gold pieces
  1838 | D:3      | Noticed Grinder
  1847 | D:3      | Paralysed by Grinder for 3 turns
  1856 | D:3      | Paralysed by Grinder for 4 turns
  1865 | D:3      | Killed Grinder
  1866 | D:3      | Reached skill level 5 in Armour
  1866 | D:3      | Reached XP level 4. HP: 3/29 MP: 4/4
  1866 | D:3      | Reached XP level 5. HP: 3/33 MP: 5/5
  1866 | D:3      | Reached XP level 6. HP: 4/38 MP: 6/6
  2146 | D:3      | Noticed Sigmund
  2155 | D:3      | Killed Sigmund
  2156 | D:3      | Reached skill level 1 in Stealth
  2378 | D:3      | Identified the +5 hammer "Zyco" {vorpal, rN++ Str+4}
  2609 | D:3      | Reached XP level 7. HP: 43/43 MP: 7/7
  2733 | D:3      | Found a snail-covered altar of Cheibriados.
  2787 | D:3      | Reached skill level 1 in Dodging
  2977 | D:3      | Found a glowing silver altar of Zin.
  3157 | D:3      | Found a runed translucent door.
  3158 | D:3      | Noticed Crazy Yiuf
  3164 | D:3      | Killed Crazy Yiuf
  3830 | D:3      | Reached skill level 5 in Maces & Flails
  4025 | D:4      | Identified the +7 whip "Jahual" {venom, rF+ MP+9 Dex+2}
  4075 | D:5      | Entered Level 5 of the Dungeon
  4190 | D:5      | Found a hazy altar of Hepliaklqana.
  4190 | D:5      | Found an ancient bone altar of Kikubaaqudgha.
  4372 | D:5      | Reached XP level 8. HP: 31/48 MP: 8/8
  5981 | D:6      | Found an ornate altar of the Wu Jian Council.
  6010 | D:6      | Found an opulent altar of Gozag.
  6196 | D:6      | Reached skill level 5 in Fighting
  6484 | D:6      | Noticed Eustachio
  6505 | D:6      | Killed Eustachio
  6759 | D:6      | Noticed a wyvern
  6772 | D:6      | Killed a wyvern
  6773 | D:6      | Reached XP level 9. HP: 37/54 MP: 9/9
  7095 | D:7      | Noticed Menkaure
  7101 | D:7      | Killed Menkaure
  7541 | D:7      | Found a staircase to the Ecumenical Temple.
  7548 | D:7      | Noticed Prince Ribbit
  7557 | Temple   | Entered the Ecumenical Temple
  7680 | D:7      | Killed Prince Ribbit
  8098 | D:7      | Found a bloodstained altar of Trog.
  8104 | D:7      | Became a worshipper of Trog the Wrathful
  8156 | D:7      | Noticed a cyclops
  8167 | D:7      | Killed a cyclops
  8977 | D:7      | Reached skill level 5 in Shields
  9062 | D:7      | Found a shimmering blue altar of Sif Muna.
  9430 | D:8      | Reached XP level 10. HP: 59/60 MP: 10/10
  9437 | D:8      | Found Kudghoetu's Armour Shop.
  9624 | D:8      | Noticed Maurice
  9651 | D:8      | Killed Maurice
  9859 | D:8      | Reached * piety under Trog
 10315 | D:9      | Reached skill level 10 in Armour
 10357 | D:9      | Reached skill level 1 in Throwing
 10492 | D:9      | Noticed a two-headed ogre
 10520 | D:9      | Killed a two-headed ogre
 10521 | D:9      | Reached skill level 10 in Maces & Flails
 11050 | D:9      | Reached XP level 11. HP: 63/67 MP: 11/11
 11102 | D:9      | Reached ** piety under Trog
 11342 | D:9      | Found a staircase to the Lair.
 11736 | D:10     | Entered Level 10 of the Dungeon
 12387 | D:10     | Found Wuuxoog's Book Emporium.
 13459 | D:10     | Noticed a two-headed ogre
 13472 | D:10     | Slain by a two-headed ogre

Illustrated notes

Levels and vault maps discovered:
D:1:      lemuel_arrival_hallway, layout_basic, serial_shops,
          nicolae_shop_hallway_stairs, shop, shop
D:2:      layout_rooms, dilly_ecumenical_altar_fadedgnrine, minmay_tromino_i4
D:3:      layout_basic, zin_treasury, mainiacjoe_overflow_paths, wad_orctagon,
          uniq_crazy_yiuf_cottage, uniq_sigmund, uniq_grinder
D:4:      minmay_inner_zag, layout_rooms, st_stairs_9
D:5:      layout_loops_corners, gammafunk_temple_overflow_wave,
          nicolae_zen_rock_garden, kennysheep_flooded_box
D:6:      layout_loops_corners, kennysheep_mini, lemuel_tele_altar,
          kennysheep_generic_room_5, uniq_eustachio
D:7:      layout_gridville, mainiacjoe_overflow_alcove_2, tgw_sif,
          minmay_temple_entry_glass, uniq_prince_ribbit1, uniq_menkaure
D:8:      layout_basic, serial_shops, shop_fountains, uniq_maurice
D:9:      layout_roguey, lair_entry_dummy, minmay_alternating_orb
D:10:     layout_stronghold, serial_shops,
          nicolae_shop_competitors_out_of_business
Temple:   zaba_magenta_temple

Skill      XL: |  1  2  3  4  5  6  7  8  9 10 11 |
---------------+----------------------------------+-----
Armour         | 4 5 6 8 9 10 11 | 11.2
Fighting       | 4 5 6 7 |  7.7
Maces & Flails | 3 4 5 7 8 10 11 | 11.0
Stealth        | 1 2 3 |  3.1
Dodging        | 1 2 3 |  3.7
Shields        | 4 5 6 7 |  7.4
Throwing       | 1 |  1.3

Action                   |  1- 3 |  4- 6 |  7- 9 | 10-12 || total
-------------------------+-------+-------+-------+-------++-------
Melee: Flail             |    91 |    15 |       |       ||   106
       Mace              |       |     5 |   356 |   364 ||   725
Throw: Stone             |     3 |       |       |    33 ||    36
  Use: Scroll            |     4 |       |     5 |     1 ||    10
       Potion            |     1 |       |     1 |       ||     2
 Stab: Sleeping          |       |       |     1 |       ||     1
Armor: Scale mail        |    46 |     1 |   139 |    13 ||   199
       Acid dragon scale |       |       |       |   144 ||   144
Dodge: Dodged            |    38 |    15 |   200 |   189 ||   442
Block: Buckler           |    17 |     2 |    62 |    59 ||   140
